 Dungeon Crawl Stone Soup version 0.26.1-11-gd32895ea62 (webtiles) character file.

Game seed: 12660849893245706337

121 sankara the Bolt Thrower (level 5, -2/43 HPs)
             Began as a Gnoll Wanderer on June 14, 2021.
             Slain by an orc priest
             ... wielding a +0 flail
              (4 damage)
             ... on level 3 of the Dungeon.
             The game lasted 00:06:25 (3961 turns).

sankara the Bolt Thrower (Gnoll Wanderer)           Turns: 3961, Time: 00:06:27

Health: -2/43      AC:  6    Str: 12 (13) XL:     5   Next: 5%
Magic:  7/7        EV: 14    Int: 16 (17) God:
Gold:   125        SH:  8    Dex: 14      Spells: 6/6 levels left

rFire    . . .     SeeInvis .   a - +0 hand crossbow
rCold    . . .     Faith    .   i - +0 kite shield
rNeg     . . .     Spirit   .   x - +0 leather armour
rPois    .         Reflect  .   (no helmet)
rElec    .         Harm     .   (no cloak)
rCorr    .         Rampage  .   u - +2 pair of gloves
Will     .....                  (no boots)
Stlth    ++........             (no amulet)
HPRegen  0.14/turn              (no ring)
MPRegen  0.10/turn              v - +4 ring of evasion

@: no status effects
A: distributed training, fangs 1, strong nose
a: no special abilities


You were on level 3 of the Dungeon.
You visited 1 branch of the dungeon, and saw 3 of its levels.

You collected 125 gold pieces.

Inventory:

Hand Weapons
 a - a +0 hand crossbow (weapon)
 b - a +0 dagger
 n - a +0 hunting sling
Missiles
 c - 27 bolts (quivered ammo)
 k - 7 javelins
 r - 19 stones
Armour
 e - a +0 robe
 i - a +0 kite shield (worn)
 t - a +1 pair of gloves
 u - a +2 pair of gloves (worn)
 x - a +0 leather armour (worn)
Jewellery
 s - an uncursed ring of ice
 v - a +4 ring of evasion (right hand)
Wands
 w - a wand of digging (4)
Scrolls
 g - a scroll of immolation {unknown}
 j - 4 scrolls of teleportation {unknown}
 m - a scroll of enchant weapon {unknown}
 q - a scroll of magic mapping {unknown}
Potions
 d - a potion of lignification
 f - 2 potions of degeneration
 h - a potion of flight {unknown}
 l - a potion of ambrosia {unknown}
 o - a potion of mutation {unknown}
 p - 2 potions of heal wounds {unknown}


   Skills:
 + Level 4.7 Fighting
 + Level 1.3 Short Blades
 + Level 2.9 Long Blades
 + Level 1.3 Axes
 + Level 1.3 Maces & Flails
 + Level 1.3 Polearms
 + Level 1.3 Staves
 + Level 1.3 Slings
 + Level 1.3 Bows
 + Level 4.7 Crossbows
 + Level 2.9 Throwing
 + Level 2.9 Armour
 + Level 2.9 Dodging
 + Level 2.7 Stealth
 + Level 2.9 Shields
 + Level 1.3 Unarmed Combat
 + Level 1.3 Spellcasting
 + Level 1.1 Conjurations
 + Level 1.1 Hexes
 + Level 1.1 Summonings
 + Level 1.1 Necromancy
 + Level 1.1 Translocations
 + Level 1.1 Transmutations
 + Level 1.1 Fire Magic
 + Level 1.1 Ice Magic
 + Level 1.1 Air Magic
 + Level 1.1 Earth Magic
 + Level 1.1 Poison Magic
 + Level 1.5 Invocations
 + Level 1.3 Evocations


You had 6 spell levels left.
You didn't know any spells.
Your spell library was empty.

Dungeon Overview and Level Annotations

Branches:
Dungeon (3/15)

Altars:
Dithmenos
Fedhas
Qazlal
Trog


Innate Abilities, Weirdness & Mutations

Your experience applies equally to all skills.
You have very sharp teeth.
Your uncanny sense of smell can sniff out nearby items.


Message History

Fire: 30 bolts
Press: ? - help, Q - select action, (/) - cycle Shift-Dir - straight line, f/p - orc priest
Aim: an orc priest, wielding a +0 flail (heavily wounded, 66% to hit)
You shoot a bolt. The bolt closely misses the orc priest.
You block the orc priest's attack.
Unknown command.
Unknown command.
Fire: 29 bolts
Press: ? - help, Q - select action, (/) - cycle Shift-Dir - straight line, f/p - orc priest
Aim: an orc priest, wielding a +0 flail (heavily wounded, 66% to hit)
You shoot a bolt. The bolt closely misses the orc priest.
The orc priest misses you.
Unknown command.
Fire: 28 bolts
Press: ? - help, Q - select action, (/) - cycle Shift-Dir - straight line, f/p - orc priest
Aim: an orc priest, wielding a +0 flail (heavily wounded, 66% to hit)
You shoot a bolt. The bolt hits the orc priest.
The orc priest is heavily wounded.
The orc priest hits you with a +0 flail.
You die...

#.#......... #.##.#.#####
#.##...# #......#####
#########..>..... #
#..........###### ..
#............... #.#.#
#..........##.###......
#.............@o(...⌠(.
#..............#.......
###..............##...⌠..
.................# ......
##########.......# #.#.#
#...<.### ..(. #.....#
### #.....# #.....#


You could see an orc priest.

Vanquished Creatures
  Ijyb (D:3)
  5 adders
  A dart slug (D:1)
  3 orcs (D:3)
  2 giant cockroaches
  4 goblins (D:1)
  6 hobgoblins
  3 jackals (D:1)
  6 quokkas
  A ball python (D:1)
  2 bats
  4 frilled lizards
  3 kobolds
  7 rats
  A bush (D:2)
49 creatures vanquished.

Vanquished Creatures (others)
  A fungus (D:2)
  43 plants (D:3)
44 creatures vanquished.

Grand Total: 93 creatures vanquished

Notes
Turn   | Place    | Note
-------+----------+-------------------------------------------
     0 | D:1      | sankara the Gnoll Wanderer began the quest for the Orb.
     0 | D:1      | sankara set off with the following items: a +0 hand
                  | crossbow, a +0 kite shield, 26 bolts, a potion of
                  | lignification, a +0 robe
     0 | D:1      | Reached XP level 1. HP: 20/20 MP: 1/1
   113 | D:1      | Reached XP level 2. HP: 12/26 MP: 2/2
  1522 | D:2      | HP: 1/26 [poisoned by an adder]
  1525 | D:2      | Reached XP level 3. HP: 8/31 MP: 3/3
  1913 | D:2      | Reached skill level 1 in Invocations
  2232 | D:2      | Reached skill level 1 in Short Blades
  2232 | D:2      | Reached skill level 1 in Axes
  2232 | D:2      | Reached skill level 1 in Maces & Flails
  2232 | D:2      | Reached skill level 1 in Polearms
  2232 | D:2      | Reached skill level 1 in Staves
  2232 | D:2      | Reached skill level 1 in Slings
  2232 | D:2      | Reached skill level 1 in Bows
  2232 | D:2      | Reached skill level 1 in Unarmed Combat
  2232 | D:2      | Reached skill level 1 in Spellcasting
  2232 | D:2      | Reached skill level 1 in Evocations
  2507 | D:2      | Reached XP level 4. HP: 38/38 MP: 5/5
  2639 | D:2      | Found a blossoming altar of Fedhas.
  2647 | D:2      | Found a stormy altar of Qazlal.
  3093 | D:2      | Found a shadowy altar of Dithmenos.
  3566 | D:3      | Found a bloodstained altar of Trog.
  3581 | D:3      | Noticed Ijyb
  3631 | D:3      | Killed Ijyb
  3632 | D:3      | Reached skill level 1 in Conjurations
  3632 | D:3      | Reached skill level 1 in Hexes
  3632 | D:3      | Reached skill level 1 in Summonings
  3632 | D:3      | Reached skill level 1 in Necromancy
  3632 | D:3      | Reached skill level 1 in Translocations
  3632 | D:3      | Reached skill level 1 in Transmutations
  3632 | D:3      | Reached skill level 1 in Fire Magic
  3632 | D:3      | Reached skill level 1 in Ice Magic
  3632 | D:3      | Reached skill level 1 in Air Magic
  3632 | D:3      | Reached skill level 1 in Earth Magic
  3632 | D:3      | Reached skill level 1 in Poison Magic
  3910 | D:3      | Reached XP level 5. HP: 43/43 MP: 6/6
  3957 | D:3      | HP: 1/43 [orc priest/divine providence (7)]
  3961 | D:3      | Slain by an orc priest

Illustrated notes

Levels and vault maps discovered:
D:1:      minmay_arrival_open_corners, layout_loops_ring, minmay_tromino_v4_a
D:2:      layout_basic, general_overflow_altar,
          grunt_temple_overflow_forces_of_nature
D:3:      wad_woods_stonehenge, layout_basic, nicolae_overflow_crystal_walls,
          elyvilon_altar_5, uniq_ijyb

Skill      XL: |  1  2  3  4 |
---------------+-------------+-----
Invocations    | 1 |  1.5
Short Blades   | 1 |  1.3
Axes           | 1 |  1.3
Maces & Flails | 1 |  1.3
Polearms       | 1 |  1.3
Staves         | 1 |  1.3
Slings         | 1 |  1.3
Bows           | 1 |  1.3
Unarmed Combat | 1 |  1.3
Spellcasting   | 1 |  1.3
Evocations     | 1 |  1.3
Conjurations   | 1 |  1.1
Hexes          | 1 |  1.1
Summonings     | 1 |  1.1
Necromancy     | 1 |  1.1
Translocations | 1 |  1.1
Transmutations | 1 |  1.1
Fire Magic     | 1 |  1.1
Ice Magic      | 1 |  1.1
Air Magic      | 1 |  1.1
Earth Magic    | 1 |  1.1
Poison Magic   | 1 |  1.1
Fighting       | |  4.7
Long Blades    | |  2.9
Crossbows      | |  4.7
Throwing       | |  2.9
Armour         | |  2.9
Dodging        | |  2.9
Stealth        | |  2.7
Shields        | |  2.9

Action                   |  1- 3 |  4- 6 || total
-------------------------+-------+-------++-------
Melee: Unarmed           |    26 |       ||    26
       Dagger            |   129 |   464 ||   593
       Bite              |    13 |    87 ||   100
 Fire: Hand crossbow     |    17 |    23 ||    40
  Use: Potion            |     3 |       ||     3
 Stab: Sleeping          |       |     1 ||     1
Armor: Robe              |    19 |    25 ||    44
       Leather armour    |       |     6 ||     6
Dodge: Dodged            |    74 |    76 ||   150
Block: Kite shield       |    50 |    63 ||   113
